 Dungeon Crawl Stone Soup version 0.27.1-33-g824d729ab1 (webtiles) character file.

Game seed: 17653257383594932590

632 belegose the Insei (level 7, -2/46 HPs)
             Began as a Gnoll Transmuter on Dec 17, 2021.
             Was a Follower of Hepliaklqana.
             Slain by a wyvern (3 damage)
             ... on level 5 of the Dungeon.
             The game lasted 00:11:49 (6377 turns).

belegose the Insei (Gnoll Transmuter)               Turns: 6377, Time: 00:11:50

Health: -2/46      AC:  3    Str: 11    XL:     7   Next: 49%
Magic:  15/15      EV: 13    Int: 13    God:    Hepliaklqana [*.....]
Gold:   129        SH:  0    Dex: 12    Spells: 13/17 levels left

rFire    . . .     SeeInvis .   C - +2 dagger (venom)
rCold    . . .     Faith    .   (no shield)
rNeg     . . .     Spirit   .   a - +0 robe
rPois    .         Reflect  .   q - +0 helmet
rElec    .         Harm     .   (no cloak)
rCorr    .         Rampage  .   (no gloves)
Will     .....                  (no boots)
Stlth    ++........             (no amulet)
HPRegen  0.15/turn              (no ring)
MPRegen  0.14/turn              (no ring)

@: no status effects
A: reduced essence, fangs 1, strong nose, distributed training
a: Renounce Religion, Recall Ancestor, Ancestor Identity


You were on level 5 of the Dungeon.
You worshipped Hepliaklqana.
Hepliaklqana was aware of your devotion.
You visited 1 branch of the dungeon, and saw 5 of its levels.

You collected 129 gold pieces.

Inventory:

Hand Weapons
 p - a +0 antimagic flail
 r - a +1 falchion of holy wrath
 u - a +1 dire flail of venom
 C - a +2 dagger of venom (weapon)
Missiles
 e - 161 stones
 o - 5 boomerangs
 v - 8 poisoned darts
Armour
 a - a +0 robe (worn)
 h - a +0 ring mail
 q - a +0 helmet (worn)
Magical Staves
 i - a staff of air
Wands
 y - a wand of digging (3)
Scrolls
 b - a scroll of brand weapon {unknown}
 c - 7 scrolls of identify {unknown}
 f - 2 scrolls of enchant weapon {unknown}
 l - a scroll of blinking {unknown}
 m - a scroll of amnesia {unknown}
 n - a scroll of teleportation {unknown}
 s - 3 scrolls of noise {unknown}
 t - a scroll of magic mapping {unknown}
 x - a scroll of fog {unknown}
 z - 2 scrolls of enchant armour {unknown}
Potions
 d - 2 potions of curing
 g - a potion of degeneration {unknown}
 j - 2 potions of berserk rage {unknown}
 k - a potion of mutation {unknown}
 w - 2 potions of might {unknown}
 A - a potion of heal wounds {unknown}
 B - a potion of magic {unknown}


   Skills:
 + Level 3.6 Fighting
 + Level 2.5 Short Blades
 + Level 2.5 Long Blades
 + Level 2.5 Axes
 + Level 2.5 Maces & Flails
 + Level 2.5 Polearms
 + Level 2.5 Staves
 + Level 2.5 Slings
 + Level 2.5 Bows
 + Level 2.5 Crossbows
 + Level 2.5 Throwing
 + Level 2.5 Armour
 + Level 5.2 Dodging
 + Level 2.5 Stealth
 + Level 2.5 Shields
 + Level 7.0 Unarmed Combat
 + Level 5.6 Spellcasting
 + Level 2.0 Conjurations
 + Level 2.0 Hexes
 + Level 2.0 Summonings
 + Level 2.0 Necromancy
 + Level 2.0 Translocations
 + Level 4.3 Transmutations
 + Level 2.0 Fire Magic
 + Level 2.0 Ice Magic
 + Level 2.0 Air Magic
 + Level 2.0 Earth Magic
 + Level 2.0 Poison Magic
 + Level 2.8 Invocations
 + Level 2.5 Evocations


You had 13 spell levels left.
You knew the following spells:

 Your Spells              Type           Power      Damage    Failure   Level
a - Beastly Appendage     Tmut           28%        N/A       3%          1
b - Spider Form           Tmut/Pois      6%         N/A       14%         3

Your spell library contained the following spells:

 Spells                   Type           Power      Damage    Failure   Level
 Wereblood                Tmut           14%        N/A       4%          2
 Ice Form                 Ice/Tmut       12%        N/A       43%         4


Dungeon Overview and Level Annotations

Branches:
Dungeon (5/15)
 Temple: D:4-7

Altars:
Cheibriados
Hepliaklqana
The Shining One

Annotations:
D:5 1 runed translucent door, exclusion: door, dianekeaton's ghost, novice MiBe


Innate Abilities, Weirdness & Mutations

Your life essence is reduced to manifest your ancestor. (-10% HP)
You have very sharp teeth.
Your uncanny sense of smell can sniff out nearby items.
Your experience applies equally to all skills.


Message History

Your transformation has ended.
Your +0 helmet unmelds from your body.
Your +0 robe unmelds from your body.
Your +2 dagger of venom begins to drip with poison!
C - a +2 dagger of venom (weapon)
A wyvern comes into view.
A wyvern is nearby!
The wyvern hisses angrily.
An adder skeleton comes into view.
Found 27 arrows.
You swap places.
You see here an orc corpse.
You swap places.
The wyvern completely misses you.
You hit the wyvern but do no damage.
The wyvern is poisoned.
The wyvern closely misses you.
You hit the wyvern but do no damage. You bite the wyvern, but do no damage.
The wyvern bites you.
You hit the wyvern.
The wyvern looks as sick as possible!
The wyvern is lightly wounded.
The wyvern barely misses you. The wyvern bites you!
You hit the wyvern.
The wyvern is lightly wounded.
The wyvern bites you!!
You hit the wyvern.
The wyvern is moderately wounded.
The wyvern misses you.
You swap places.
The wyvern bites Friðuswiþ!
The wyvern bites Friðuswiþ.
Friðuswiþ barely misses the wyvern.
You see here an orc corpse.
Unknown command.
The wyvern bites Friðuswiþ!!
Friðuswiþ is destroyed!
The wyvern hisses menacingly.
The wyvern bites you!
* * * LOW HITPOINT WARNING * * *
You hit the wyvern but do no damage.
The wyvern looks as sick as possible!
The wyvern is heavily wounded.
The wyvern barely misses you.
The wyvern bites you but does no damage.
The wyvern bites you.
You die...

#### #########
#.#######..###.##..#.#####
#......................... #^
######..#.#.##....##### #.
#..#..............
###.#######......##....#....
...........#................
#.####.######.####..#....######
#..........†Zl@................
.......###########..#..######..
....... ..............)# #..
#..##.. #######..#.###.###.. #.
#.. #.............. . ..(
#.......#.####. ....
#.....#.#.# ## .#.. #.#.#.#.#.#
#.#.#.#.#.#


You could see a wyvern (extremely poisoned) and an adder skeleton.

Vanquished Creatures
  Eustachio (D:3)
  A centaur skeleton (D:4)
  2 iguanas (D:4)
  An orc wizard (D:3)
  4 gnolls (D:3)
  6 adders
  An adder skeleton (D:4)
  A worm (D:2)
  3 dart slugs
  12 orcs
  7 endoplasms
  2 giant cockroaches (D:1)
  7 goblins
  8 hobgoblins
  3 jackals (D:4)
  3 quokkas (D:1)
  11 ball pythons
  6 bats
  8 frilled lizards
  8 kobolds
  2 rats
97 creatures vanquished.

Vanquished Creatures (collateral kills)
  Edmund (D:4)
  A centaur skeleton (D:4)
  An iguana (D:4)
3 creatures vanquished.

Vanquished Creatures (others)
  2 ancestors
2 creatures vanquished.

Grand Total: 102 creatures vanquished

Notes
Turn   | Place    | Note
-------+----------+-------------------------------------------
     0 | D:1      | belegose the Gnoll Transmuter began the quest for the Orb.
     0 | D:1      | Reached XP level 1. HP: 17/17 MP: 6/6
   327 | D:1      | Reached XP level 2. HP: 12/23 MP: 5/7
  1334 | D:1      | Reached XP level 3. HP: 28/28 MP: 9/9
  1445 | D:1      | Reached skill level 5 in Spellcasting
  1654 | D:2      | Found a hazy altar of Hepliaklqana.
  1781 | D:2      | Reached skill level 1 in Invocations
  2077 | D:2      | Reached skill level 1 in Short Blades
  2077 | D:2      | Reached skill level 1 in Long Blades
  2077 | D:2      | Reached skill level 1 in Axes
  2077 | D:2      | Reached skill level 1 in Maces & Flails
  2077 | D:2      | Reached skill level 1 in Polearms
  2077 | D:2      | Reached skill level 1 in Staves
  2077 | D:2      | Reached skill level 1 in Slings
  2077 | D:2      | Reached skill level 1 in Bows
  2077 | D:2      | Reached skill level 1 in Crossbows
  2077 | D:2      | Reached skill level 1 in Throwing
  2077 | D:2      | Reached skill level 1 in Armour
  2077 | D:2      | Reached skill level 1 in Stealth
  2077 | D:2      | Reached skill level 1 in Shields
  2077 | D:2      | Reached skill level 1 in Evocations
  2077 | D:2      | Reached XP level 4. HP: 19/34 MP: 11/11
  2254 | D:2      | Became a worshipper of Hepliaklqana the Forgotten
  2451 | D:2      | Found a faded altar of an unknown god.
  3044 | D:3      | Reached skill level 1 in Conjurations
  3044 | D:3      | Reached skill level 1 in Hexes
  3044 | D:3      | Reached skill level 1 in Summonings
  3044 | D:3      | Reached skill level 1 in Necromancy
  3044 | D:3      | Reached skill level 1 in Translocations
  3044 | D:3      | Reached skill level 1 in Fire Magic
  3044 | D:3      | Reached skill level 1 in Ice Magic
  3044 | D:3      | Reached skill level 1 in Air Magic
  3044 | D:3      | Reached skill level 1 in Earth Magic
  3044 | D:3      | Reached skill level 1 in Poison Magic
  3098 | D:3      | Found a glowing golden altar of the Shining One.
  3617 | D:3      | Found a snail-covered altar of Cheibriados.
  3633 | D:3      | Reached XP level 5. HP: 36/40 MP: 10/12
  4427 | D:4      | Noticed Eustachio
  4448 | D:3      | Reached XP level 6. HP: 27/47 MP: 13/13
  4699 | D:3      | Learned a level 3 spell: Spider Form
  4710 | D:3      | Killed Eustachio
  4711 | D:3      | Reached skill level 5 in Dodging
  5100 | D:4      | Reached * piety under Hepliaklqana
  5143 | D:4      | Reached XP level 7. HP: 36/46 MP: 15/15
  5265 | D:4      | Reached skill level 7 in Unarmed Combat
  5326 | D:4      | Noticed Edmund
  5396 | D:4      | Killed Edmund
  5952 | D:5      | Entered Level 5 of the Dungeon
  6096 | D:5      | Found a runed translucent door.
  6099 | D:5      | Noticed dianekeaton's ghost (novice MiBe)
  6358 | D:5      | Noticed a wyvern
  6374 | D:5      | HP: 1/46 [wyvern (17)]
  6377 | D:5      | Slain by a wyvern

Illustrated notes

Levels and vault maps discovered:
D:1:      dpeg_chamrin_arrival_tetris, layout_basic, chequers_jeans
D:2:      layout_loops_cross, chequers_ecumenical_altar_island, basic_altar
D:3:      layout_loops_ring, mainiacjoe_overflow_alcove_2, tso_metal_star
D:4:      layout_cave_pods, chequers_arboretum, uniq_edmund, uniq_eustachio
D:5:      minmay_skewed_foursquare, layout_basic, ebering_ghost_sewer_f,
          chequers_serial_rivers_room_a

Skill      XL: |  1  2  3  4  5  6  7 |
---------------+----------------------+-----
Spellcasting   | 5 |  5.6
Invocations    | 1 2 |  2.8
Short Blades   | 1 2 |  2.5
Long Blades    | 1 2 |  2.5
Axes           | 1 2 |  2.5
Maces & Flails | 1 2 |  2.5
Polearms       | 1 2 |  2.5
Staves         | 1 2 |  2.5
Slings         | 1 2 |  2.5
Bows           | 1 2 |  2.5
Crossbows      | 1 2 |  2.5
Throwing       | 1 2 |  2.5
Armour         | 1 2 |  2.5
Stealth        | 1 2 |  2.5
Shields        | 1 2 |  2.5
Evocations     | 1 2 |  2.5
Conjurations   | 1 2 |  2.0
Hexes          | 1 2 |  2.0
Summonings     | 1 2 |  2.0
Necromancy     | 1 2 |  2.0
Translocations | 1 2 |  2.0
Fire Magic     | 1 2 |  2.0
Ice Magic      | 1 2 |  2.0
Air Magic      | 1 2 |  2.0
Earth Magic    | 1 2 |  2.0
Poison Magic   | 1 2 |  2.0
Fighting       | 3 |  3.6
Transmutations | 4 |  4.3
Dodging        | 5 |  5.2
Unarmed Combat | 7 |  7.0

Action                   |  1- 3 |  4- 6 |  7- 9 || total
-------------------------+-------+-------+-------++-------
Melee: Unarmed           |   110 |   158 |    26 ||   294
       Bite              |     8 |    13 |     2 ||    23
       Kick              |     2 |    12 |       ||    14
       Punch             |     1 |     5 |       ||     6
       Headbutt          |     1 |    11 |       ||    12
       Dagger            |       |       |     6 ||     6
 Cast: Beastly Appendage |     2 |    12 |       ||    14
       Spider Form       |       |     2 |     5 ||     7
  Use: Potion            |       |       |     1 ||     1
 Stab: Sleeping          |     2 |     2 |     2 ||     6
Armor: Robe              |    15 |    21 |     5 ||    41
       Skin              |       |     3 |       ||     3
Dodge: Dodged            |    77 |    85 |    26 ||   188
